 Dungeon Crawl Stone Soup version 0.22-a0-512-g0943f25 (webtiles) character file.

137 EazyBreezy the Shield-Bearer (level 5, 0/28 HPs)
             Began as a Vine Stalker Fighter on June 17, 2018.
             Succumbed to an orc wizard's poison
             ... on level 2 of the Dungeon.
             The game lasted 00:03:45 (1572 turns).

EazyBreezy the Shield-Bearer (Vine Stalker Fighter) Turns: 1572, Time: 00:03:46

Health: 0/28       AC:  7    Str: 24    XL:     5   Next: 20%
Magic:  1/6        EV:  8    Int:  8    God:
Gold:   164        SH: 10    Dex: 14    Spells: 4/4 levels left

rFire    . . .     SeeInvis .   a - +0 long sword
rCold    . . .     Gourm    .   c - +0 shield
rNeg     . . .     Faith    .   b - +0 scale mail
rPois    .         Spirit   +   (no helmet)
rElec    .         Reflect  .   (no cloak)
rCorr    .         Harm     .   (no gloves)
MR       .....                  g - +0 pair of boots
Stlth    +.........             j - amulet of regeneration
HPRegen  0.89/turn              (no ring)
MPRegen  0.10/turn              (no ring)

@: mighty, lethally poisoned (0 -> -4), flying
A: fangs 2, regeneration 1, magic shield, antimagic bite, no potion heal 3, rot
immunity
a: no special abilities


You were on level 2 of the Dungeon.
You were not hungry.

You visited 1 branch of the dungeon, and saw 3 of its levels.

You collected 164 gold pieces.

Inventory:

Hand Weapons
 a - a +0 long sword (weapon)
Armour
 b - a +0 scale mail (worn)
 c - a +0 shield (worn)
 g - a +0 pair of boots (worn)
Jewellery
 j - an amulet of regeneration (around neck)
Wands
 k - a wand of random effects (6)
Scrolls
 i - 3 scrolls of remove curse
 o - a scroll of fog {unknown}
Potions
 d - a potion of might
 e - 2 potions of brilliance
 l - a potion of magic {unknown}
 m - a potion of flight
Comestibles
 f - 4 rations


   Skills:
 * Level 3.2 Fighting
 * Level 2.9 Long Blades
 + Level 2.7 Armour
 * Level 0.8 Dodging
 * Level 2.0 Stealth
 * Level 3.3 Shields


You had 4 spell levels left.
You didn't know any spells.
Your spell library contained the following spells:

 Spells                   Type           Power        Failure   Level  Hunger
 Fireball                 Conj/Fire      #.........   100%        5    ######.
 Bolt of Fire             Conj/Fire      #.........   100%        6    #######
 Ring of Flames           Chrm/Fire      #.........   100%        7    #######
 Ignite Poison            Fire/Tmut/Pois #.......     100%        3    ####...
 Ignition                 Fire           #.........   100%        8    #######


Dungeon Overview and Level Annotations

Branches:
Dungeon (3/15)

Altars:
Vehumet


Innate Abilities, Weirdness & Mutations

You have extremely sharp teeth.
Your natural rate of healing is unusually fast.
When hurt, damage is shared between your health and your magic reserves.
Your bite disrupts and absorbs the magic of your enemies.
Potions cannot restore your health.
You are immune to rotting.


Message History

You are lethally poisoned!
You feel very mighty all of a sudden.
* * * LOW HITPOINT WARNING * * *
You feel sick.
You slash something!
Reactivating autopickup.
Your Stealth skill increases to level 2!
You have reached level 5!
You feel a bit more experienced.
* * * LOW HITPOINT WARNING * * *
You feel very sick.
As you read the scroll labeled EMOAGE BYBAICU, it crumbles to dust.
It is a scroll of amnesia.
You feel forgetful for a moment.
* * * LOW HITPOINT WARNING * * *
You feel sick.
It was a potion of flight.
You feel very buoyant.
You fly up into the air.
You die...

##### ....# ###.#
.##.# .##.####### ###
..........########.###
.##.##.........)@.#..#
.##.##......#.####.#.#
.##.####..>##.# #.#.#
)...# ##.###.# ##.#.#
.#### #.# #.# #..#.#
.# #.# #.# #.##.# ##
##+###.# #.##.#
##...##.###.##.# #
##.....#........#


There were no monsters in sight!

Vanquished Creatures
  An orc wizard (D:2)
  A centaur skeleton (D:2)
  2 adders
  3 worms
  A leopard gecko (D:1)
  9 orcs
  5 ball pythons (D:3)
  3 bats
  3 giant cockroaches
  2 goblins
  2 hobgoblins
  5 kobolds
  A quokka (D:2)
  A frilled lizard (D:3)
  2 rats (D:2)
41 creatures vanquished.

Notes
Turn   | Place    | Note
-------+----------+-------------------------------------------
     0 | D:1      | EazyBreezy the Vine Stalker Fighter began the quest for the Orb.
     0 | D:1      | Reached XP level 1. HP: 11/11 MP: 2/2
   315 | D:1      | Reached XP level 2. HP: 16/16 MP: 3/3
   486 | D:2      | Found a radiant altar of Vehumet.
   627 | D:2      | Reached skill level 1 in Stealth
   627 | D:2      | Reached XP level 3. HP: 20/20 MP: 4/4
   934 | D:2      | Gained mutation: Your natural rate of healing is unusually fast. [Vine Stalker growth]
   934 | D:2      | Reached XP level 4. HP: 24/24 MP: 5/5
  1554 | D:2      | HP: 1/24 [poisoned by an orc wizard]
  1570 | D:2      | Reached XP level 5. HP: 4/28 MP: 0/6
  1571 | D:2      | HP: 1/28 [poisoned by an orc wizard]
  1572 | D:2      | Succumbed to an orc wizard's poison

Vault maps used:
D:1:      denvon_arrival_hothouse
D:2:      vehumet_crystals
D:3:      minmay_shallow_snake_nest

Skill      XL: |  1  2  3  4 |
---------------+-------------+-----
Fighting       | 3 |  3.2
Long Blades    | 2 |  2.9
Stealth        | 1 2 |  2.0
Shields        | 3 |  3.3
Armour         | |  2.7
Dodging        | |  0.8

Action                   |  1- 3 |  4- 6 || total
-------------------------+-------+-------++-------
Melee: Long sword        |    55 |    79 ||   134
       Bite              |    20 |    24 ||    44
  Use: Scroll            |     4 |     2 ||     6
       Potion            |       |     5 ||     5
  Eat: Ration            |       |     1 ||     1
Armor: Scale mail        |    25 |    30 ||    55
Dodge: Dodged            |    20 |    26 ||    46
Block: Shield            |    27 |    47 ||    74
       Rpst.: Long sword |     8 |     7 ||    15

Table legend:
 A = Spawn XP
 B = Non-spawn XP
 C = Spawn XP percentage of total XP
 D = Spawn monster count
 E = Non-spawn monster count
 F = Spawn count percentage of total count
 G = Total turns spent on level
                    A         B        C        D         E        F      G
               +---------+---------+-------+---------+---------+-------+---------
         Total |       0 |     196 |   0.0 |       0 |      41 |   0.0 |  1572
               +---------+---------+-------+---------+---------+-------+---------
           D:1 |       0 |      11 |   0.0 |       0 |       5 |   0.0 |   471
           D:2 |       0 |     121 |   0.0 |       0 |      16 |   0.0 |   784
           D:3 |       0 |      64 |   0.0 |       0 |      20 |   0.0 |   317
               +---------+---------+-------+---------+---------+-------+---------
